 Dungeon Crawl Stone Soup version 0.22-a0-614-g34fbaa0 (console) character file.

105 vegansnacktivist the Sneak (level 4, -2/19 HPs)
             Began as a Felid Transmuter on July 20, 2018.
             Slain by an ogre
             ... wielding a +0 giant club
              (21 damage)
             ... on level 4 of the Dungeon.
             The game lasted 00:03:25 (3566 turns).

vegansnacktivist the Sneak (Felid Transmuter)       Turns: 3566, Time: 00:03:26

Health: -2/19      AC:  1    Str:  7    XL:     4   Next: 53%
Magic:  7/8        EV: 18    Int: 14    God:
Gold:   232        SH:  0    Dex: 16    Spells: 6/7 levels left
                                        Lives:  0   Deaths: 1

rFire    . . .     SeeInvis +     - Unarmed
rCold    . . .     Gourm    .   (shield unavailable)
rNeg     . . .     Faith    +   (armour unavailable)
rPois    .         Spirit   .   (helmet unavailable)
rElec    .         Reflect  .   (cloak unavailable)
rCorr    +         Harm     .   (gloves unavailable)
MR       .....                  (boots unavailable)
Stlth    ++++......             n - amulet of faith
HPRegen  0.06/turn              w - ring of resist corrosion
MPRegen  0.11/turn              (no ring)

@: appendage, quick
A: very small, no armour, no weapons or thrown items, stealth, claws 1, fangs 3,
horns 2, see invisible, carnivore, speed 1, shaggy fur 1, slow metabolism 1,
sharp paws
a: End Transformation


You were on level 4 of the Dungeon.
You were full.
You had grown temporary horns.
You visited 1 branch of the dungeon, and saw 4 of its levels.

You collected 232 gold pieces.

Inventory:

Missiles
 a - 21 arrows
Jewellery
 n - an amulet of faith (around neck)
 w - a ring of resist corrosion (left paw)
Scrolls
 b - 8 scrolls of identify {unknown}
 f - 2 scrolls of teleportation {unknown}
 h - a scroll of blinking {unknown}
 j - a scroll of magic mapping {unknown}
 l - a scroll of immolation {unknown}
 m - a scroll of random uselessness {unknown}
 o - a scroll of remove curse {unknown}
 u - 2 scrolls of amnesia {unknown}
Potions
 d - 6 potions of curing {unknown}
 e - a potion of magic {unknown}
 g - a potion of heal wounds {unknown}
 i - 3 potions of flight {unknown}
 k - a potion of haste
 p - a potion of lignification {unknown}
 q - a potion of cancellation {unknown}
 r - a potion of brilliance {unknown}
 s - a potion of invisibility {unknown}
 t - a potion of ambrosia {unknown}
Comestibles
 c - 7 rations


   Skills:
 - Level 1.0 Fighting
 - Level 2.6 Dodging
 + Level 7.3 Stealth
 - Level 3.0 Unarmed Combat
 - Level 2.0 Spellcasting
 - Level 2.1 Transmutations


You had 6 spell levels left.
You knew the following spells:

 Your Spells              Type           Power        Failure   Level  Hunger
a - Beastly Appendage     Tmut           #.....       10%         1    ##.....

Your spell library contained the following spells:

 Spells                   Type           Power        Failure   Level  Hunger
 Spider Form              Tmut/Pois      #.........   41%         3    ####...
 Blade Hands              Tmut           #.........   95%         5    ######.
 Ice Form                 Ice/Tmut       #.......     83%         4    #####..
 Sticks to Snakes         Tmut           #.......     14%         2    ###....


Dungeon Overview and Level Annotations

Branches:
Dungeon (4/15)
 Temple: D:4-7

Altars:
Makhleb
Xom

Annotations:
D:4 Ijyb


Innate Abilities, Weirdness & Mutations

You cannot wear armour.
You are incapable of wielding weapons or throwing items.
Your paws allow you to move quietly. (Stealth)
You have sharp claws.
You have razor-sharp teeth.
You have supernaturally acute eyesight. (SInv)
You are carnivorous and can eat meat at any time.
You cover ground quickly.
You are covered in fur. (AC +1)
You have a slow metabolism.
Your sharp claws are effective at attacking unaware monsters.
You have a pair of horns on your head.


Message History

Your transformation is almost over.
You scratch the ogre but do no damage. You bite the ogre, but do no damage.
The ogre barely misses you.
You barely miss the ogre. The ogre completely misses you.
You barely miss the ogre. The ogre closely misses you.
You scratch the ogre. You headbutt the ogre. Your bite misses the ogre.
The ogre is moderately wounded.
Your horns disappear.
The ogre closely misses you.
Casting: Beastly Appendage (safe; 10% risk of failure)
Confirm with . or Enter, or press ? or * to list all spells.
You grow a pair of large bovine horns.
You completely miss the ogre.
The ogre is lightly wounded.
The ogre closely misses you.
You scratch the ogre.
The ogre is moderately wounded.
The ogre hits you with a giant club!!
Ouch! That really hurt!
You die...

.......# ##.# #.#
#.# .......# #.#
... #.# #.#
.......# #.# ...
#.###.# #####.##
#.# ... #......
### #.#
###.####'##
#####.# ..# #.#
#..........
#.....# ..###.#
#.#..###.##
#.###.# ......#
#.##.###.# #.#####
..##### #.##..##@#
#.#<..# ..#
#.###.##O# #.###.#
### #.# #.##Z# #.#
#.# #.# #.##.#
#.###.# #.###..#.#
#.....#
####...##.#.#
#######
####......##.#.#
###.....)...##.#.#
....##......##.#.#


You could see an ogre and an adder skeleton.

Vanquished Creatures
  2 crimson imps (D:4)
  4 adders
  2 worms
  A leopard gecko (D:1)
  5 orcs (D:3)
  A ball python (D:3)
  10 bats
  5 giant cockroaches
  3 goblins (D:1)
  5 hobgoblins
  A jackal (D:1)
  3 frilled lizards
  4 kobolds
  10 rats
56 creatures vanquished.

Notes
Turn   | Place    | Note
-------+----------+-------------------------------------------
     0 | D:1      | vegansnacktivist the Felid Transmuter began the quest for the Orb.
     0 | D:1      | Reached XP level 1. HP: 9/9 MP: 4/4
    41 | D:1      | Reached skill level 1 in Stealth
   261 | D:1      | Reached skill level 2 in Stealth
   307 | D:1      | Reached XP level 2. HP: 12/12 MP: 4/6
   514 | D:1      | Reached skill level 3 in Stealth
  1110 | D:2      | Reached skill level 4 in Stealth
  1110 | D:2      | Reached XP level 3. HP: 15/15 MP: 7/7
  1507 | D:2      | Reached skill level 5 in Stealth
  1982 | D:3      | Reached XP level 4. HP: 18/19 MP: 8/8
  2004 | D:3      | Found a burning altar of Makhleb.
  2951 | D:4      | Found a shimmering altar of Xom.
  3015 | D:4      | Reached skill level 6 in Stealth
  3189 | D:4      | Noticed Ijyb
  3189 | D:4      | Noticed an ogre
  3204 | D:4      | Paralysed by a crimson imp for 4 turns
  3206 | D:4      | Slain by Ijyb
  3207 | D:4      | Reached XP level 3. HP: 0/15 MP: 7/7
  3255 | D:4      | Reached skill level 7 in Stealth
  3255 | D:4      | Reached XP level 4. HP: 4/19 MP: 6/8
  3566 | D:4      | Slain by an ogre

Vault maps used:
D:1:      minmay_arrival_semitransparent, minivault_5,
          minmay_misc_feat_secret_circle
D:2:      palyth_stone_intersect, minmay_splitting_lines
D:3:      lemuel_crystal_altar, first_ration, grunt_ministairs_2,
          grunt_decor_one_mirror
D:4:      led_xom_imps, uniq_natasha, uniq_edmund, uniq_ijyb

Skill      XL: |  1  2  3  4 |
---------------+-------------+-----
Stealth        | 2 4 7 6 |  7.3
Fighting       | |  1.0
Dodging        | |  2.6
Unarmed Combat | |  3.0
Spellcasting   | |  2.0
Transmutations | |  2.1

Action                   |  1- 3 |  4- 6 || total
-------------------------+-------+-------++-------
Melee: Unarmed           |   141 |    66 ||   207
       Headbutt          |     5 |     5 ||    10
       Bite              |     7 |     4 ||    11
 Cast: Beastly Appendage |     5 |     5 ||    10
 Stab: Sleeping          |    16 |     3 ||    19
  Eat: Chunk             |    10 |     4 ||    14
Armor: Skin              |     7 |     3 ||    10
Dodge: Dodged            |   112 |    49 ||   161

Table legend:
 A = Spawn XP
 B = Non-spawn XP
 C = Spawn XP percentage of total XP
 D = Spawn monster count
 E = Non-spawn monster count
 F = Spawn count percentage of total count
 G = Total turns spent on level
                    A         B        C        D         E        F      G
               +---------+---------+-------+---------+---------+-------+---------
         Total |       0 |     243 |   0.0 |       0 |      56 |   0.0 |  3566
               +---------+---------+-------+---------+---------+-------+---------
           D:1 |       0 |      32 |   0.0 |       0 |      20 |   0.0 |  1080
           D:2 |       0 |      46 |   0.0 |       0 |      12 |   0.0 |   658
           D:3 |       0 |      37 |   0.0 |       0 |      18 |   0.0 |  1129
           D:4 |       0 |     128 |   0.0 |       0 |       6 |   0.0 |   699
               +---------+---------+-------+---------+---------+-------+---------
